 Dungeon Crawl Stone Soup version 0.17-a0-1714-g35622ae (webtiles) character file.

462 karlkraus the Shield-Bearer (level 6, -1/53 HPs)
             Began as a Minotaur Fighter on Aug 24, 2015.
             Succumbed to an orc wizard's poison
             ... on level 5 of the Dungeon.
             The game lasted 00:05:50 (2374 turns).

karlkraus the Shield-Bearer (Minotaur Fighter)      Turns: 2374, Time: 00:05:50

Health: -1/53      AC:  8    Str: 20    XL:     6   Next: 79%
Magic:  5/5        EV:  9    Int:  5    God:
Gold:   176        SH: 10    Dex: 12    Spells: 0 memorised, 5 levels left

rFire  . . .     SeeInvis .     a - +0 flail
rCold  . . .     Clarity  .     b - +0 scale mail
rNeg   . . .     SustAt   .     c - +0 shield
rPois  .         Gourm    .     (helmet restricted)
rElec  .         Spirit   .     (no cloak)
rCorr  .         Warding  .     p - +0 pair of gloves
rMut   .         Stasis   .     (no boots)
MR     .....                    (no amulet)
Stlth  ..........               (no ring)
                                (no ring)

@: lethally poisoned (-1 -> -48), not resistant to hostile enchantments,
extremely unstealthy
A: retaliatory headbutt, horns 2
a: no special abilities


You were on level 5 of the Dungeon.
You were very hungry.

You visited 1 branch of the dungeon, and saw 5 of its levels.

You collected 176 gold pieces.

Inventory:

Hand weapons
 a - a +0 flail (weapon)
Armour
 b - a +0 scale mail (worn)
 c - a +0 shield (worn)
 p - a +0 pair of gloves (worn)
Scrolls
 h - a scroll of identify
 i - 2 scrolls of remove curse
Potions
 d - a potion of ambrosia {unknown}
 f - a potion of cure mutation {unknown}
 g - a potion of lignification
 j - 3 potions of heal wounds
 l - a potion of haste
 m - 3 potions of flight
 n - a potion of cancellation
 r - a potion of curing
Comestibles
 e - 4 bread rations


   Skills:
 + Level 4.6 Fighting
 + Level 4.1 Maces & Flails
 + Level 5.7 Armour
 + Level 2.5 Dodging
 + Level 0.5 Stealth
 + Level 5.8 Shields


You had 5 spell levels left.
You didn't know any spells.

Dungeon Overview and Level Annotations

Branches:
Dungeon (5/15)
 Temple: D:4-7

Altars:
Ashenzari
Elyvilon
Yredelemnul

Annotations:
D:4 karlkraus's ghost, average MiFi


Innate Abilities, Weirdness & Mutations

You reflexively headbutt those who attack you in melee.
You have a pair of horns on your head.


Message History

* * * LOW HITPOINT WARNING * * *
You feel very sick. Something hits you but does no damage.
You are more poisoned.
You miss something. Your headbutt misses something.
* * * LOW HITPOINT WARNING * * *
You feel very sick. Something hits you but does no damage.
You are more poisoned.
Your shield and scale mail prevent you from hitting something.
* * * LOW HITPOINT WARNING * * *
You feel very sick. Something hits you but does no damage.
You are more poisoned.
You hear some strange, mumbled words.
A puff of flame appears from out of thin air!
The puff of flame hits you!
* * * LOW HITPOINT WARNING * * *
You hit something but do no damage. Your headbutt misses something.
You die...

#.....#.#.#.# #.# #. .
#.....#†#.#.###.###.
..###.....#.#.#.'.._###.
..........#.#'#.###.###.
.......>..#.....# #.# #.
#......#.....###'###.
##.#.#...............
#.#####.######.#.. #@#
#.# #.#.# #...{)...#.#
#.#.# #........#.. ..#.#
#.#..####### ###.#
....... #.# .##.#... #.#
# .#... # # #.#.. # #


There were no monsters in sight!

Vanquished Creatures
  The ghost of PooFace the Ruffian, an average TrBe of Trog (D:3)
  An ice beast (D:5)
  A scorpion (D:5)
  A hound (D:4)
  2 orc wizards (D:4)
  2 worker ants (D:4)
  5 adders
  2 worms (D:4)
  A giant gecko (D:4)
  4 orcs
  4 giant cockroaches
  5 hobgoblins
  2 quokkas
  5 bats
  2 giant newts (D:2)
  8 goblins
  6 jackals (D:1)
  6 kobolds
  3 rats
61 creatures vanquished.

Notes
Turn   | Place    | Note
--------------------------------------------------------------
     0 | D:1      | karlkraus the Minotaur Fighter began the quest for the Orb.
     0 | D:1      | Reached XP level 1. HP: 19/19 MP: 0/0
   142 | D:1      | Reached skill level 4 in Shields
   142 | D:1      | Reached XP level 2. HP: 27/27 MP: 1/1
   721 | D:2      | Reached XP level 3. HP: 30/33 MP: 2/2
   754 | D:2      | Found a shattered altar of Ashenzari.
  1321 | D:3      | Reached XP level 4. HP: 37/40 MP: 3/3
  1359 | D:3      | Noticed PooFace's ghost (average TrBe)
  1371 | D:3      | Killed PooFace's ghost
  1371 | D:3      | Reached skill level 5 in Shields
  1371 | D:3      | Reached XP level 5. HP: 33/46 MP: 4/4
  1400 | D:3      | Found a basalt altar of Yredelemnul.
  1500 | D:4      | Reached skill level 1 in Dodging
  1522 | D:4      | Reached skill level 5 in Armour
  1593 | D:4      | Noticed karlkraus's ghost (average MiFi)
  2075 | D:4      | Reached XP level 6. HP: 50/52 MP: 5/5
  2158 | D:5      | Entered Level 5 of the Dungeon
  2226 | D:5      | Found a shattered altar of Ashenzari.
  2330 | D:5      | Found a white marble altar of Elyvilon.
  2374 | D:5      | Succumbed to an orc wizard's poison

Vault maps used:
D:1:      tarquinn_simple_flora_water_f, serial_forest,
          infiniplex_forest_lined_ring, infiniplex_forest_clump_curved,
          infiniplex_forest_clump_long, infiniplex_forest_clump_C,
          infiniplex_forest_clump_double, infiniplex_forest_zigzag_2,
          infiniplex_forest_end_3
D:2:      lemuel_round_altar, first_bread
D:3:      overflow_temple_1_default
D:4:      minmay_misc_feat_square
D:5:      lemuel_crystal_altar, lemuel_doored_altar, basic_altar, uniq_grinder

Action                   |  1- 3 |  4- 6 || total
-------------------------+-------+-------++-------
Melee: Flail             |    87 |    95 ||   182
  Use: Potion            |       |     1 ||     1
       Scroll            |       |    12 ||    12
  Eat: Chunk             |     1 |     1 ||     2
       Pizza             |       |     1 ||     1
